 Dungeon Sprint DCSS version 0.31-a0-435-g2c6fae2916 (webtiles) character file.

Game seed: 18291020454285382152

109 rocky1 the Sneak (level 4, 0/42 HPs)
             Began as a Naga Shapeshifter on Aug 2, 2023.
             Was an Initiate of Gozag.
             Slain by an endoplasm (2 damage)
             ... in the Dungeon (Sprint VII: "The Pits").
             The game lasted 00:01:03 (705 turns).

rocky1 the Sneak (Naga Shapeshifter)                 Turns: 705, Time: 00:01:05

Health: 0/42       AC:  2    Str: 18    XL:     4   Next: 89%
Magic:  4/4        EV: 10    Int:  8    God:    Gozag
Gold:   279        SH:  0    Dex: 13    Spells: 3/3 levels left

rFire   . .          .
                       - Unarmed
rCold   . . .        (no shield)
rNeg    . . .        a - +0 animal skin
rPois   +            (helmet currently unavailable)
rElec   .            (cloak currently unavailable)
rCorr   .            (gloves currently unavailable)
SInv    +            (no barding)
Will    .....        (no amulet)
Stlth   +++          (no ring)
HPRegen 0.27/turn    (no ring)
MPRegen 0.09/turn

%: no teleportation
@: beast-form, very slow
A: beast (slay +3), AC +1, large, see invisible, deformed body, poison
resistance, slowness 2, spit poison 1, naga tail 1
a: Spit Poison, Begin Untransformation, Renounce Religion, Potion Petition, Call
Merchant, Bribe Branch


You were in the Dungeon.
You worshipped Gozag.
Gozag was aware of your devotion.
You were a hulking beast.
You visited 1 branch You collected 279 gold pieces.

Inventory:

Armour
 a - a +0 animal skin (worn)
Talismans
 c - a beast talisman (active)
Scrolls
 i - a scroll of blinking
 k - 5 scrolls of amnesia
 l - a scroll of butterflies
Potions
 b - a potion of lignification
 d - a potion of curing
 e - a potion of heal wounds
 f - a potion of haste
 g - 4 potions of magic
 h - 3 potions of berserk rage
 j - 2 potions of invisibility


   Skills:
 + Level 3.4 Fighting
 + Level 2.5 Armour
 + Level 3.3 Dodging
 + Level 5.1 Stealth
 + Level 4.9 Unarmed Combat
 + Level 4.7 Shapeshifting


You had 3 spell levels left.
You didn't know any spells.
Your spell library was empty.

Dungeon Overview and Level Annotations

Branches:
Dungeon (1/1)

Altars:
Ashenzari
Cheibriados
Dithmenos
Elyvilon
Fedhas
Gozag
Hepliaklqana
Kikubaaqudgha
Makhleb
Nemelex Xobeh
Okawaru
Qazlal
Ru
Sif Muna
Trog
Uskayaw
Vehumet
Wu Jian
Xom
Yredelemnul
Zin
The Shining One
Jiyva
Lugonu


Innate Abilities, Weirdness & Mutations

You are a hulking beast.
Your limbs bulge with bestial killing power. (Slay +3)
Your serpentine skin is tough. (AC +1)
You have supernaturally acute eyesight. (SInv)
Armour fits poorly on your strangely shaped body.
Your system is resistant to poisons. (rPois)
You cover ground very slowly.
You can spit poison.
You have a snake-like lower body.


Message History

You kill the giant cockroach!
You hit the rat.
You kill the rat!
No target in view!
You now have 171 gold pieces (gained 72).
You now have 225 gold pieces (gained 54).
You start waiting.
Done waiting.
You start waiting.
Done waiting.
You open the large door.
A giant cockroach comes into view.
Unknown command.
You closely miss the giant cockroach. The giant cockroach misses you.
You hit the giant cockroach.
The giant cockroach is heavily wounded.
The giant cockroach closely misses you.
You hit the giant cockroach.
You kill the giant cockroach!
You now have 279 gold pieces (gained 54).
A quokka, an endoplasm and a fire bat come into view.
There is a large open door here.
There is a large open door here.
The helpless fire bat fails to defend itself.
You hit the fire bat. Your punch misses the fire bat.
The fire bat is lightly wounded.
The fire bat bites you.
You are engulfed in flames!
The endoplasm quivers.
You barely miss the fire bat.
The fire bat is lightly wounded.
The fire bat bites you.
You are engulfed in flames!
The endoplasm hits you.
You hit the fire bat.
The fire bat is lightly wounded.
The fire bat bites you.
* * * LOW HITPOINT WARNING * * *
You are engulfed in flames!
* * * LOW HITPOINT WARNING * * *
The endoplasm hits you.
You die...
Your body crumbles into a pile of gold.

#...........'........
#+#####'#####......#.
#..#...'.##........
#..#...#.#####'####
#..#####.##.......#
#..'...#.##.......#
#..'...'.##.......#
#br########...<...#
#.h+ #.......# #J.#
#.......# ####
#.......# #########


You could see a fire bat, an endoplasm and a quokka.

Vanquished Creatures
  A floating eye (D)
  An ufetubus (D)
  3 giant cockroaches (D)
  A rat (D)
6 creatures vanquished.

Notes
Turn   | Place    | Note
-------+----------+-------------------------------------------
     0 | D        | rocky1 the Naga Shapeshifter began the quest for the Orb.
     0 | D        | Reached XP level 1. HP: 18/18 MP: 1/1
    19 | D        | Found a bloodstained altar of Trog.
    19 | D        | Found a shimmering blue altar of Sif Muna.
    19 | D        | Found a viscous altar of Jiyva.
    19 | D        | Found a hazy altar of Hepliaklqana.
    19 | D        | Found an opulent altar of Gozag.
    20 | D        | Found a glowing golden altar of the Shining One.
    20 | D        | Found a glowing silver altar of Zin.
    20 | D        | Found a basalt altar of Yredelemnul.
    20 | D        | Found a shimmering altar of Xom.
    20 | D        | Found an ornate altar of the Wu Jian Council.
    20 | D        | Found a sacrificial altar of Ru.
    20 | D        | Found a stormy altar of Qazlal.
    20 | D        | Found an iron altar of Okawaru.
    20 | D        | Found a sparkling altar of Nemelex Xobeh.
    20 | D        | Found a burning altar of Makhleb.
    20 | D        | Found a blossoming altar of Fedhas.
    20 | D        | Found a white marble altar of Elyvilon.
    20 | D        | Found a shadowy altar of Dithmenos.
    20 | D        | Found a snail-covered altar of Cheibriados.
    23 | D        | Found a corrupted altar of Lugonu.
    23 | D        | Found a radiant altar of Vehumet.
    24 | D        | Found an ancient bone altar of Kikubaaqudgha.
    24 | D        | Found a hide-covered altar of Uskayaw.
    24 | D        | Found a broken altar of Ashenzari.
    35 | D        | Became a worshipper of Gozag Ym Sagoz the Greedy
   170 | D        | Noticed a floating eye
   172 | D        | Reached XP level 2. HP: 25/25 MP: 2/2
   172 | D        | Paralysed by a floating eye for 2 turns
   177 | D        | Killed a floating eye
   178 | D        | Reached skill level 5 in Stealth
   178 | D        | Reached XP level 3. HP: 34/34 MP: 3/3
   178 | D        | Reached XP level 4. HP: 42/42 MP: 4/4
   695 | D        | Noticed a fire bat
   705 | D        | HP: 2/42 [fire bat (9)]
   705 | D        | Slain by an endoplasm

Illustrated notes

Levels and vault maps discovered:
D:        pitsprint [storerooms_1, entrance_room_1, metal_vault_3, armoury_2,
          mini_pit_1, grid_room_1, main_hall_1, silver_pit, the_coven_1,
          the_vestibule_1, steel_vault_4, golden_pit, hallway_of_sentries,
          crystal_vault_4, iron_vault_4, final_vault]

Skill      XL: |  1  2 |
---------------+-------+-----
Fighting       | 3 |  3.4
Armour         | 2 |  2.5
Dodging        | 3 |  3.3
Stealth        | 5 |  5.1
Unarmed Combat | 4 |  4.9
Shapeshifting  | 4 |  4.7

Action                     |  1- 3 |  4- 6 || total
---------------------------+-------+-------++-------
  Melee: Unarmed           |     7 |     9 ||    16
   Stab: Sleeping          |       |     2 ||     2
  Dodge: Dodged            |     3 |     3 ||     6

Table legend: (Time is in decaauts)
 A = Elapsed time spent in this place.
 B = Non-inter-level travel time spent in this place.
 C = Inter-level travel time spent in this place.
 D = Time resting spent in this place.
 E = Time spent auto-exploring this place.
 F = Levels seen in this place.
 G = Mean time per level.
                   A        B        C        D        E       F      G
               +--------+--------+--------+--------+--------+-----+--------+
         Total |    738 |    738 |      0 |    583 |      0 |   1 |  738.0 |
       Dungeon |    738 |    738 |      0 |    583 |      0 |   1 |  738.0 |
               +--------+--------+--------+--------+--------+-----+--------+

Top non-repeatable levels by time:
       D: 738 daAuts
